 Dungeon Crawl Stone Soup version 0.29-a0-96-g93358da72b (webtiles) character file.

Game seed: 3629045199689143889

1174 siradein the Ruffian (level 8, 0/68 HPs)
             Began as a Minotaur Transmuter on Feb 11, 2022.
             Succumbed to Crazy Yiuf's poison
             ... on level 4 of the Dungeon.
             The game lasted 00:07:37 (6198 turns).

siradein the Ruffian (Minotaur Transmuter)          Turns: 6198, Time: 00:07:37

Health: 0/68       AC:  8    Str:  9    XL:     8   Next: 18%
Magic:  8/11       EV: 13    Int: 12    God:
Gold:   137        SH:  0    Dex: 22    Spells: 3/13 levels left

rFire   . . .      SeeInvis +   q - +10 spear "Eluisat" {flame, Str-5 Dex+10 SInv}
rCold   . . .      Faith    .   (no shield)
rNeg    . . .      Spirit   .   s - +0 ring mail
rPois   +          Reflect  .   (helmet restricted)
rElec   .          Harm     .   j - +2 cloak
rCorr   .          Rampage  .   (no gloves)
Will    .....                   (no boots)
Stlth   +.........              (no amulet)
HPRegen 0.21/turn               l - ring of poison resistance
MPRegen 0.12/turn               (no ring)

@: lethally poisoned (0 -> -3)
A: horns 2, retaliatory headbutt
a: no special abilities


You were on level 4 of the Dungeon.
You visited 1 branch of the dungeon, and saw 4 of its levels.

You collected 137 gold pieces.

Inventory:

Hand Weapons
 q - the +10 spear "Eluisat" (weapon) {flame, Str-5 Dex+10 SInv}
   (You found it on level 3 of the Dungeon)

   It burns those it strikes, dealing additional fire damage.
   Str:       It affects your strength (-5).
   Dex:       It affects your dexterity (+10).
   SInv:      It lets you see invisible.
Armour
 j - a +2 cloak (worn)
 s - a +0 ring mail (worn)
Jewellery
 l - a ring of poison resistance (left hand)
Wands
 a - a wand of flame (11)
 m - a wand of digging (8)
Scrolls
 b - 4 scrolls of fear {unknown}
 e - a scroll of teleportation {unknown}
 f - 2 scrolls of acquirement {unknown}
 h - 4 scrolls of fog {unknown}
Potions
 c - 2 potions of heal wounds {unknown}
 d - a potion of curing
 g - 2 potions of degeneration {unknown}
 i - a potion of invisibility {unknown}
 k - a potion of flight {unknown}
 n - 2 potions of attraction {unknown}
 o - a potion of magic {unknown}
 p - a potion of haste {unknown}
 r - a potion of cancellation {unknown}


   Skills:
 + Level 5.2 Fighting
 + Level 0.6 Armour
 + Level 5.1 Dodging
 + Level 5.7 Unarmed Combat
 + Level 3.2 Spellcasting
 + Level 3.9 Transmutations


You had 3 spell levels left.
You knew the following spells:

 Your Spells              Type           Power      Damage    Failure   Level
a - Beastly Appendage     Tmut           22%        N/A       14%         1
b - Wereblood             Tmut           11%        N/A       21%         2
c - Spider Form           Tmut/Pois      6%         N/A       65%         3
d - Ice Form              Ice/Tmut       6%         N/A       96%         4

Your spell library contained the following spells:

 Spells                   Type           Power      Damage    Failure   Level
 Animate Skeleton         Necr           2%         N/A       56%         1
 Apportation              Tloc           2%         N/A       56%         1
 Shock                    Conj/Air       4%         1d3       56%         1
 Summon Small Mammal      Summ           4%         N/A       56%         1
 Corpse Rot               Necr/Air       2%         N/A       71%         2
 Poisonous Vapours        Pois/Air       2%         N/A       71%         2
 Swiftness                Air            1%         N/A       90%         3
 Airstrike                Air            0%         N/A       100%        4
 Olgreb's Toxic Radiance  Pois           1%         N/A       100%        4
 Ozocubu's Refrigeration  Ice            0%         4d5       100%        7
 Ignition                 Fire           0%         3d3       100%        8


Dungeon Overview and Level Annotations

Branches:
Dungeon (4/15)
 Temple: D:4-7

Altars:
Cheibriados
Dithmenos
Fedhas
Gozag
Trog
Wu Jian
Xom
Zin
The Shining One

Annotations:
D:4 Crazy Yiuf


Innate Abilities, Weirdness & Mutations

You have a pair of horns on your head.
You reflexively headbutt those who attack you in melee.


Message History

You open the door.
There is an open door here.
There is an open door here.
Things that are here:
a +0 robe; a +0 short sword Key pressed, stopping explore.
Could not explore, unopened runed door.
Could not explore, unopened runed door.
You open the door.
Crazy Yiuf drinks a potion.
Crazy Yiuf goes berserk!
Crazy Yiuf barely misses you.
There is an open translucent door here.
You hit Crazy Yiuf. You burn Crazy Yiuf. Your headbutt misses Crazy Yiuf.
You punch Crazy Yiuf, but do no damage.
Crazy Yiuf is lightly wounded.
Crazy Yiuf hits you with a +2 quarterstaff of chaos!
You feel your power leaking away.
Crazy Yiuf hits you with a +2 quarterstaff of chaos!
You are poisoned.
You completely miss Crazy Yiuf. You headbutt Crazy Yiuf.
Crazy Yiuf is lightly wounded.
You feel very sick.
Crazy Yiuf hits you with a +2 quarterstaff of chaos! x2
Crazy Yiuf freezes you.
You are too injured to fight recklessly!
Unknown command.
You are too injured to fight recklessly!
Unknown command.
You feel sick.
You feel sick. Crazy Yiuf misses you.
You feel sick.
You feel sick.
You feel sick.
Crazy Yiuf hits you with a +2 quarterstaff of chaos!
* * * LOW HITPOINT WARNING * * *
Crazy Yiuf freezes you.
* * * LOW HITPOINT WARNING * * *
* * * LOW HITPOINT WARNING * * *
You feel sick.
Crazy Yiuf rages.
You die...

#...........#.....##........#.#.#
#...........#.....##........#.#.#
#...........#.....##<.......#.#.#
#...........#.....##........#.#.#
#.............................#.#
#...[.............##........###.#
#.........#####..#########......#
#.#####...# #....# #........####
#.# ##### #..@.# #............
..### ##...# #........####
....##### ##g## #........####
........# ##.# #............
....###.# #.## #####........
......#.# ##.# #.....<..
....#.#.### #.## #........
....#.#...# #'# #........
....#.#..## #...# #........


You could see Crazy Yiuf (berserk).

Vanquished Creatures
  Pikel (D:4)
  Duvessa (D:4)
  An ice beast (D:4)
  A sky beast (D:4)
  Dowan (D:4)
  A bullfrog zombie (D:4)
  A jelly (D:4)
  2 iguanas
  Ijyb (D:3)
  Terence (D:2)
  Natasha (thrice) (D:3)
  Robin (D:4)
  A gnoll (D:1)
  5 adders
  An adder skeleton (D:4)
  2 dart slugs
  2 orcs
  2 ball pythons
  5 bats
  An endoplasm (D:4)
  3 giant cockroaches
  6 hobgoblins
  6 jackals
  9 kobolds
  5 quokkas
  8 frilled lizards
  9 goblins
  3 rats
83 creatures vanquished.

Notes
Turn   | Place    | Note
-------+----------+-------------------------------------------
     0 | D:1      | siradein the Minotaur Transmuter began the quest for the
                  | Orb.
     0 | D:1      | Reached XP level 1. HP: 16/16 MP: 1/1
   439 | D:1      | Reached XP level 2. HP: 19/23 MP: 1/3
   443 | D:1      | Learned a level 2 spell: Wereblood
   700 | D:1      | Found a faded altar of an unknown god.
  1233 | D:1      | Reached XP level 3. HP: 25/29 MP: 4/4
  2346 | D:2      | Reached XP level 4. HP: 36/36 MP: 2/5
  2419 | D:2      | Learned a level 3 spell: Spider Form
  2423 | D:2      | Noticed Terence
  2468 | D:2      | Killed Terence
  2813 | D:3      | Noticed Ijyb
  2825 | D:3      | Killed Ijyb
  3348 | D:3      | Reached XP level 5. HP: 17/44 MP: 5/7
  3872 | D:3      | Noticed Natasha
  3878 | D:3      | Killed Natasha
  3881 | D:3      | Identified the +10 spear "Eluisat" {flame, Str-5 Dex+10
                  | SInv}
  4283 | D:3      | Noticed Natasha
  4288 | D:3      | Killed Natasha
  4332 | D:3      | Noticed Natasha
  4339 | D:3      | Killed Natasha
  5019 | D:4      | Reached XP level 6. HP: 47/51 MP: 6/8
  5049 | D:4      | Noticed Pikel
  5082 | D:4      | Killed Pikel
  5083 | D:4      | Reached skill level 5 in Unarmed Combat
  5083 | D:4      | Reached XP level 7. HP: 10/60 MP: 6/10
  5434 | D:4      | Learned a level 4 spell: Ice Form
  5529 | D:4      | Found a shadowy altar of Dithmenos.
  5530 | D:4      | Noticed Dowan
  5531 | D:4      | Noticed Duvessa
  5541 | D:4      | Killed Duvessa
  5542 | D:4      | Killed Dowan
  5710 | D:4      | Reached skill level 5 in Fighting
  5710 | D:4      | Reached skill level 5 in Dodging
  5710 | D:4      | Reached XP level 8. HP: 68/68 MP: 11/11
  5752 | D:4      | Noticed Robin
  5757 | D:4      | Killed Robin
  5765 | D:4      | Found an ornate altar of the Wu Jian Council.
  5768 | D:4      | Found a glowing silver altar of Zin.
  5775 | D:4      | Found a glowing golden altar of the Shining One.
  5782 | D:4      | Found a blossoming altar of Fedhas.
  5784 | D:4      | Found an opulent altar of Gozag.
  5785 | D:4      | Found a shimmering altar of Xom.
  5793 | D:4      | Found a bloodstained altar of Trog.
  5794 | D:4      | Found a snail-covered altar of Cheibriados.
  5923 | D:4      | Found a runed translucent door.
  5924 | D:4      | Noticed Crazy Yiuf
  6196 | D:4      | HP: 1/68 [Crazy Yiuf (5)]
  6198 | D:4      | Succumbed to Crazy Yiuf's poison

Illustrated notes

Levels and vault maps discovered:
D:1:      erik_arrival_triangle_small, layout_basic,
          hellmonk_ecumenical_altar_leap_of_faith
D:2:      layout_loops_cross, serial_park_tiny_2, uniq_terence
D:3:      layout_basic, uniq_natasha, uniq_ijyb
D:4:      layout_basic, mainiacjoe_overflow_alcove_2,
          nicolae_overflow_hallway_of_the_gods, uniq_pikel, uniq_duvessa,
          uniq_robin, uniq_crazy_yiuf_cottage

Skill      XL: |  1  2  3  4  5  6  7 |
---------------+----------------------+-----
Fighting       | 2 3 4 5 |  5.2
Transmutations | 2 3 |  3.9
Dodging        | 3 4 5 |  5.1
Unarmed Combat | 4 5 |  5.7
Spellcasting   | 2 3 |  3.2
Armour         | |  0.6

Action                   |  1- 3 |  4- 6 |  7- 9 || total
-------------------------+-------+-------+-------++-------
Melee: Unarmed           |    14 |       |       ||    14
       Short sword       |    17 |       |       ||    17
       Headbutt          |     9 |    17 |     7 ||    33
       Rapier            |    42 |    48 |       ||    90
       Spear             |       |    18 |    48 ||    66
       Punch             |       |       |     3 ||     3
 Cast: Beastly Appendage |     3 |     1 |       ||     4
       Wereblood         |     8 |    14 |     4 ||    26
 Stab: Sleeping          |     1 |       |     1 ||     2
Armor: Robe              |    15 |    19 |     2 ||    36
       Ring mail         |       |       |     2 ||     2
Dodge: Dodged            |    53 |    27 |    24 ||   104

Table legend: (Time is in decaauts)
 A = Elapsed time spent in this place.
 B = Non-inter-level travel time spent in this place.
 C = Inter-level travel time spent in this place.
 D = Time resting spent in this place.
 E = Time spent auto-exploring this place.
 F = Levels seen in this place.
 G = Mean time per level.
                   A        B        C        D        E       F      G
               +--------+--------+--------+--------+--------+-----+--------+
         Total |   6228 |   6017 |    211 |      0 |   5315 |   4 | 1557.0 |
       Dungeon |   6228 |   6017 |    211 |      0 |   5315 |   4 | 1557.0 |
               +--------+--------+--------+--------+--------+-----+--------+

Top non-repeatable levels by time:
     D:3: 2190 daAuts
     D:1: 1416 daAuts
     D:2: 1347 daAuts
     D:4: 1273 daAuts
